 Dungeon Crawl Stone Soup version 0.21.1-1-g345015fe64 (webtiles) character file.

96 Oravi the Covered (level 4, -9/30 HPs)
             Began as a Halfling Fighter on Mar 26, 2018.
             Mangled by an iguana (10 damage)
             ... on level 2 of the Dungeon.
             The game lasted 00:09:12 (1903 turns).

Oravi the Covered (Halfling Fighter)                Turns: 1903, Time: 00:09:12

Health: -9/30      AC:  8    Str: 18    XL:     4   Next: 98%
Magic:  4/4        EV: 14    Int: 11    God:
Gold:   114        SH: 10    Dex: 18    Spells: 3/3 levels left

rFire    + . .     SeeInvis .   a - +0 rapier
rCold    . . .     Gourm    .   c - +0 shield
rNeg     . . .     Faith    +   g - +0 scale mail
rPois    .         Spirit   .   u - +0 helmet
rElec    .         Reflect  .   (no cloak)
rCorr    .         Harm     .   (no gloves)
MR       .....                  (no boots)
Stlth    +.........             m - amulet of faith
HPRegen  0.10/turn              o - ring of protection from fire
MPRegen  0.09/turn              (no ring)

@: brilliant, agile, lethally poisoned (-9 -> -11), flying
A: small, mutation resistance 1
a: no special abilities


You were on level 2 of the Dungeon.
You were not hungry.

You visited 1 branch of the dungeon, and saw 3 of its levels.

You collected 114 gold pieces.

Inventory:

Hand Weapons
 a - a +0 rapier (weapon)
 b - a +0 hunting sling
Missiles
 h - 100 stones (quivered)
 p - 14 sling bullets
Armour
 c - a +0 shield (worn)
 g - a +0 scale mail (worn)
 u - a +0 helmet (worn)
Jewellery
 m - an amulet of faith (around neck)
 o - a ring of protection from fire (left hand)
 s - an uncursed ring of resist corrosion {unknown}
Scrolls
 e - 2 scrolls of remove curse
 i - 3 scrolls of identify {unknown}
 j - a scroll of fog {unknown}
 l - a scroll of magic mapping {unknown}
 n - a scroll of enchant armour {unknown}
 r - a scroll of random uselessness {unknown}
 t - a scroll of teleportation {unknown}
Potions
 d - a potion of might
Comestibles
 f - 4 rations
 v - 3 chunks of flesh


   Skills:
 + Level 2.9 Fighting
 + Level 3.4 Short Blades
 + Level 1.8 Slings
 + Level 4.1 Armour
 + Level 0.1 Dodging
 + Level 4.0 Shields


You had 3 spell levels left.
You didn't know any spells.

Dungeon Overview and Level Annotations

Branches:
Dungeon (3/15)

Altars:


Innate Abilities, Weirdness & Mutations

You are small and have problems with some larger weapons.
You are somewhat resistant to further mutation.


Message History

The iguana misses you.
It was a potion of flight.
You feel very buoyant.
You fly up into the air.
The iguana barely misses you.
As you read the scroll labeled VAASOXOYBRA, it crumbles to dust.
You feel blessed for a moment.
It was a scroll of remove curse.
* * * LOW HITPOINT WARNING * * *
You feel sick.
The iguana bites you but does no damage.
You hit the iguana but do no damage.
The iguana is heavily wounded.
You block the iguana's attack.
You hit the iguana but do no damage.
The iguana is heavily wounded.
* * * LOW HITPOINT WARNING * * *
You feel sick. The iguana closely misses you. You block the iguana's attack.
You hit the iguana but do no damage.
The iguana is heavily wounded.
The iguana bites you!
You die...

#.#.######.##..#######........
#.#.#......##..# #........
#.#.#.###..##..###############
#.#.#..<#..#.............#
#.#.#####..#..#..........#
#.#........#..#..........#
#.#######.....#..........#####
#.# #####l...............# #.#
#@#..........###.# #.#
#.#..........# #.# #.# ######
#.#..........# #.# #.####....#
#.#..........# #.# #....#.##.#
#.#..........# #.#
####.#.##.###.#..........###.#
####.#.##...#.###########.....
#....#.####.#.# #.....
#.####.# #.#.# #.....


You could see an iguana.

Vanquished Creatures
  2 adders (D:2)
  4 gnolls (D:2)
  A worm (D:3)
  3 dart slugs
  6 bats (D:2)
  A giant cockroach (D:2)
  3 hobgoblins (D:2)
  5 kobolds
  4 frilled lizards
  3 goblins
  5 rats
37 creatures vanquished.

Notes
Turn   | Place    | Note
-------+----------+-------------------------------------------
     0 | D:1      | Oravi the Halfling Fighter began the quest for the Orb.
     0 | D:1      | Reached XP level 1. HP: 15/15 MP: 1/1
   257 | D:1      | Reached XP level 2. HP: 20/20 MP: 2/2
   736 | D:2      | Reached XP level 3. HP: 23/25 MP: 3/3
   792 | D:2      | Reached XP level 4. HP: 30/30 MP: 4/4
   827 | D:2      | Reached skill level 1 in Slings
  1899 | D:2      | HP: 1/30 [poisoned by an orc]
  1903 | D:2      | Mangled by an iguana

Skill      XL: |  1  2  3  4 |
---------------+-------------+-----
Armour         | 4 |  4.1
Short Blades   | 3 |  3.4
Slings         | 1 |  1.8
Shields        | 4 |  4.0
Fighting       | |  2.9
Dodging        | |  0.1

Action                   |  1- 3 |  4- 6 || total
-------------------------+-------+-------++-------
Melee: Rapier            |    30 |    58 ||    88
 Fire: Hunting sling     |    11 |    57 ||    68
  Use: Potion            |       |     3 ||     3
       Scroll            |       |     1 ||     1
  Eat: Ration            |       |     1 ||     1
       Chunk             |       |     1 ||     1
Armor: Scale mail        |     9 |    35 ||    44
Dodge: Dodged            |     7 |    42 ||    49
Block: Shield            |    11 |    49 ||    60
